 Dungeon Crawl Stone Soup version 0.29.1-13-g9f3cf754e1 (webtiles) character file.

Game seed: 7867694114482555067

64 croobank the Sneak (level 4, -3/31 HPs)
             Began as an Octopode Delver on Feb 7, 2023.
             Killed from afar by Natasha (9 damage)
             ... with a magic dart
             ... on level 2 of the Dungeon.
             The game lasted 00:02:41 (1819 turns).

croobank the Sneak (Octopode Delver)                Turns: 1819, Time: 00:02:42

Health: -3/31      AC:  1    Str: 11    XL:     4   Next: 12%
Magic:  4/4        EV: 13    Int: 14    God:
Gold:   102        SH:  0    Dex: 13    Spells: 3/3 levels left

rFire   . . .      SeeInvis +   o - +1 short sword (elec)
rCold   . . .      Faith    .   (no shield)
rNeg    . . .      Spirit   .   (helmet restricted)
rPois   .          Reflect  .   (no amulet)
rElec   .          Harm     .   q - ring of see invisible
rCorr   .          Rampage  .   (no ring)
Will    .....                   (no ring)
Stlth   ++++......              (no ring)
HPRegen 0.10/turn               (no ring)
MPRegen 0.09/turn               (no ring)
                                (no ring)
                                (no ring)

@: no status effects
A: almost no armour, amphibious, 8 rings, camouflage 1, gelatinous body 1,
(nimble swimmer 1), tentacles
a: no special abilities


You were on level 2 of the Dungeon.
You visited 1 branch of the dungeon, and saw 6 of its levels.

You collected 102 gold pieces.

Inventory:

Hand Weapons
 a - a +0 hand axe
 j - a +0 dagger
 o - a +1 short sword of electrocution (weapon)
Jewellery
 m - a ring of ice
 q - a ring of see invisible (left tentacle)
Wands
 f - a wand of digging (3)
Scrolls
 b - a scroll of fog
 c - a scroll of magic mapping
 d - a scroll of fear
 e - a scroll of noise {unknown}
 g - a scroll of blinking {unknown}
 h - 2 scrolls of teleportation {unknown}
 k - a scroll of silence {unknown}
 l - a scroll of amnesia {unknown}
 n - 2 scrolls of identify {unknown}
 r - a scroll of vulnerability {unknown}
Potions
 i - a potion of degeneration {unknown}
 p - 2 potions of curing {unknown}


   Skills:
 + Level 3.5 Fighting
 + Level 2.7 Axes
 + Level 2.7 Dodging
 + Level 7.1 Stealth


You had 3 spell levels left.
You didn't know any spells.
Your spell library was empty.

Dungeon Overview and Level Annotations

Branches:
Dungeon (6/15)
 Temple: D:4-7

Altars:
Cheibriados

Annotations:
D:2 Natasha
D:4 Blork the orc, Menkaure, Pikel
D:6 Dowan, Duvessa


Innate Abilities, Weirdness & Mutations

You cannot wear most types of armour.
You are amphibious.
You can wear up to eight rings at the same time.
Your skin changes colour to match your surroundings (Stealth+).
Your rubbery body absorbs attacks. (AC +1, EV +1)
((You are camouflaged when in or above water. (Stealth+)))
You have tentacles for arms and can constrict up to eight enemies at once.


Message History

You start resting.
A kobold comes into view. It is wielding a +0 club.
Found a scroll labelled TUISSO JASU.
You now have 98 gold pieces (gained 10).
You start resting.
HP restored.
Found a stone staircase leading down.
Natasha, Servant of Life and Death comes into view.
The helpless kobold fails to defend itself.
You puncture the kobold!
You kill the kobold!
Things that are here:
a +0 club; a kobold corpse
Found 4 gold pieces.
Found a stone staircase leading down.
You hit the kobold. Lightning courses through the kobold!
You kill the kobold!
r - a scroll labelled OXUVUSHR XOXT
Things that are here:
a +0 club; 3 stones You now have 102 gold pieces (gained 4).
A quokka comes into view.
Natasha claws you!
You completely miss Natasha. Your grab misses Natasha.
Natasha howls an incantation.
Natasha's front paws start to glow.
Natasha stares at you and mumbles some strange words.
The magic dart hits you! The quokka barely misses you.
You hit Natasha but do no damage. You grab Natasha. You constrict Natasha.
Natasha claws you. The quokka bites you.
* * * LOW HITPOINT WARNING * * *
Natasha casts a spell at you. The magic dart hits you.
* * * LOW HITPOINT WARNING * * *
You hit Natasha.
Natasha is moderately wounded.
You constrict Natasha. The quokka barely misses you.
Natasha stares at you and mumbles some strange words.
The magic dart hits you!
You die...

###)#.......#
##...#.#####.#
##...##.# #.#
##.....#.#####.# .##
#...........##.# ..#
#......#.##.##.# ..#
#.#...##.##.##.####..#
#.##.###.##.#....h...#
#.##.###.##....#@r...#
#.##.......###.......#
#.####.)...# #.......#
#.##)......# #.......#
#.##.#.##.#.>.##...#.#
..##.#.##.#.####...#.#
..##.#.##.#.# ##### #
†...........#
..#...#.####...?


You could see Natasha and a quokka.

Vanquished Creatures
  Natasha (D:2)
  A dart slug (D:1)
  7 bats
  4 endoplasms (D:1)
  4 giant cockroaches
  2 goblins (D:1)
  3 hobgoblins
  4 kobolds
  A quokka (D:3)
  4 ball pythons
  A frilled lizard (D:1)
  A rat (D:1)
33 creatures vanquished.

Notes
Turn   | Place    | Note
-------+----------+-------------------------------------------
     0 | D:5      | croobank the Octopode Delver began the quest for the Orb.
     0 | D:5      | Reached XP level 1. HP: 16/16 MP: 1/1
    43 | D:6      | Noticed Duvessa
    43 | D:6      | Noticed Dowan
    94 | D:4      | Noticed Pikel
    94 | D:4      | Noticed a lemure
    94 | D:4      | Noticed a lemure
    94 | D:4      | Noticed a lemure
    94 | D:4      | Noticed a lemure
   107 | D:4      | Noticed Menkaure
   446 | D:4      | Noticed Blork the orc
   476 | D:3      | Found a snail-covered altar of Cheibriados.
   628 | D:1      | Found a faded altar of an unknown god.
   645 | D:1      | Reached XP level 2. HP: 21/21 MP: 2/2
  1022 | D:1      | Reached XP level 3. HP: 26/26 MP: 3/3
  1132 | D:1      | Reached skill level 7 in Stealth
  1691 | D:2      | Noticed Natasha
  1697 | D:2      | Killed Natasha
  1698 | D:2      | Reached XP level 4. HP: 24/31 MP: 4/4
  1771 | D:2      | Noticed Natasha
  1819 | D:2      | Killed from afar by Natasha

Illustrated notes

Levels and vault maps discovered:
D:1:      amcnicky_arrival_underground_garden, layout_basic,
          basic_ecumenical_altar
D:2:      kennysheep_six_static_rooms, layout_loops_ring, basic_altar,
          uniq_natasha
D:3:      layout_rooms, mainiacjoe_overflow_alcove_4, patterned_corridor
D:4:      layout_rooms, mainiacjoe_overflow_cross_hatched,
          nicolae_qazlal_eye_of_the_storm, nicolae_wooded_promenade,
          uniq_blork_the_orc, uniq_pikel, uniq_menkaure
D:5:      layout_loops_ring, xom_butterflies, grunt_dithmenos_smoke,
          mainiacjoe_overflow_boulevard, ebering_ghost_inner_flame
D:6:      layout_basic, minmay_fire_ice_demons, uniq_prince_ribbit1,
          uniq_eustachio, uniq_duvessa

Skill      XL: |  1  2  3 |
---------------+----------+-----
Stealth        | 7 |  7.1
Fighting       | |  3.5
Axes           | |  2.7
Dodging        | |  2.7

Action                   |  1- 3 |  4- 6 || total
-------------------------+-------+-------++-------
Melee: Hand axe          |    40 |       ||    40
       Constrict         |     7 |     2 ||     9
       Tentacles         |     7 |       ||     7
       Punch             |     1 |       ||     1
       Short sword       |     4 |     7 ||    11
  Use: Scroll            |     1 |       ||     1
       Potion            |     1 |       ||     1
 Stab: Sleeping          |    14 |     1 ||    15
Armor: Skin              |     7 |       ||     7
Dodge: Dodged            |    22 |     3 ||    25
